 Dungeon Crawl Stone Soup version 0.29-a0-477-g62b78b4225 (webtiles) character file.

Game seed: 9803488401189998497

1024 testman the Stinger (level 8, -14/78 HPs)
             Began as an Octopode Venom Mage on May 24, 2022.
             Demolished by Menkaure (16 damage)
             ... on level 5 of the Dungeon.
             The game lasted 00:39:38 (5741 turns).

testman the Stinger (Octopode Venom Mage)           Turns: 5741, Time: 00:39:39

Health: -14/78     AC: 24    Str:  8    XL:     8   Next: 22%
Magic:  24/24      EV:  2    Int: 19    God:
Gold:   220        SH:  0    Dex: 12    Spells: 7/17 levels left

rFire   . . .      SeeInvis .   c - staff of poison
rCold   . . .      Faith    .   (no shield)
rNeg    . . .      Spirit   .   (helmet currently unavailable)
rPois   +          Reflect  .   m - amulet of magic regeneration
rElec   .          Harm     .   g - ring of wizardry
rCorr   .          Rampage  .   E - ring of magical power
Will    .....      NoTele   +   (no ring)
Stlth   +.........              (no ring)
HPRegen 0.23/turn               (no ring)
MPRegen 0.59/turn               (no ring)
                                (no ring)
                                (no ring)

@: tree-form, silenced (expiring)
A: stationary, stasis, torment immunity, boosted hp, almost no armour,
(amphibious), 8 rings, (camouflage 1), (gelatinous body 1), (nimble swimmer 1),
(tentacles)
a: no special abilities


You were on level 5 of the Dungeon.
You were a tree.
You visited 1 branch of the dungeon, and saw 5 of its levels.
You also visited: Sewer.

You collected 290 gold pieces.
You spent 70 gold pieces at shops.

Inventory:

Hand Weapons
 b - a +0 dagger
 i - a +6 hunting sling
Missiles
 e - 136 stones
 x - 10 poisoned darts
Magical Staves
 c - a staff of poison (weapon)
Jewellery
 g - a ring of wizardry (left branch)
 m - an amulet of magic regeneration (around neck)
 o - an amulet of guardian spirit
 s - a ring of fire
 E - a ring of magical power (right branch)
Wands
 u - a wand of iceblast (13)
 v - a wand of flame (24)
Scrolls
 f - a scroll of summoning
 j - 3 scrolls of vulnerability
 p - a scroll of enchant armour {unknown}
 q - a scroll of noise {unknown}
 r - a scroll of amnesia {unknown}
 t - 4 scrolls of teleportation
 w - 2 scrolls of fear {unknown}
 y - a scroll of blinking {unknown}
Potions
 a - a potion of magic
 h - 3 potions of cancellation
 k - a potion of attraction
 l - 4 potions of brilliance
 n - a potion of haste
 z - a potion of mutation {unknown}
 A - 2 potions of lignification
 B - a potion of berserk rage {unknown}
 C - 2 potions of ambrosia
 D - a potion of degeneration {unknown}


   Skills:
 + Level 3.0 Fighting
 - Level 2.0 Dodging
 - Level 2.6 Stealth
 + Level 5.2 Spellcasting
 - Level 2.0 Conjurations
 - Level 2.0 Transmutations
 - Level 2.0 Air Magic
 + Level 7.7 Poison Magic


You had 7 spell levels left.
You knew the following spells:

 Your Spells              Type           Power      Damage    Failure   Level
a - Sting                 Tmut/Pois      100%       1d8       1%          1
b - Poisonous Vapours     Pois/Air       70%        N/A       1%          2
c - Mephitic Cloud        Conj/Pois/Air  29%        N/A       3%          3
d - Olgreb's Toxic Radia  Pois           51%        N/A       1%          4

Your spell library contained the following spells:

 Spells                   Type           Power      Damage    Failure   Level
 Frozen Ramparts          Ice            8%         1d2       16%         3
 Inner Flame              Hex/Fire       4%         N/A       16%         3
 Ozocubu's Armour         Ice            4%         N/A       16%         3
 Ice Form                 Ice/Tmut       8%         N/A       32%         4
 Cause Fear               Hex            2%         N/A       43%         4
 Summon Ice Beast         Ice/Summ       4%         N/A       43%         4
 Metabolic Englaciation   Hex/Ice        2%         N/A       77%         5
 Simulacrum               Ice/Necr       2%         N/A       99%         6
 Discord                  Hex            2%         N/A       100%        8


Dungeon Overview and Level Annotations

Branches:
Dungeon (5/15)              Sewer (visited)
 Temple: D:4-7

Altars:
Beogh

Shops:
D:4 :*?[

Annotations:
D:3 sirJeffrey23's ghost, weakling DsMo
D:5 Menkaure


Innate Abilities, Weirdness & Mutations

You are a tree.
Your roots penetrate the ground, keeping you stationary.
You cannot be teleported.
You are immune to unholy pain and torment.
Your maximum health is greatly increased.
You cannot wear most types of armour.
((You are amphibious.))
You can wear up to eight rings at the same time.
((Your skin changes colour to match your surroundings (Stealth+).))
((Your rubbery body absorbs attacks. (AC +1, EV +1)))
((You are camouflaged when in or above water. (Stealth+)))
((You have tentacles for arms and can constrict up to eight enemies at once.))


Message History

You feel invigorated. Menkaure hits you but does no damage.
You cannot move. (Use ctrl+direction or * direction to attack while stationary and confused.)
You swing at nothing.
Menkaure hits you but does no damage.
You hit Menkaure.
Menkaure is severely damaged.
Menkaure completely misses you.
You swing at nothing.
Menkaure hits you.
* * * LOW HITPOINT WARNING * * *
You hit Menkaure.
Menkaure is almost destroyed.
Menkaure hits you!
* * * LOW HITPOINT WARNING * * *
You swing at nothing.
Menkaure hits you.
* * * LOW HITPOINT WARNING * * *
You attack the rock wall.
You closely miss Menkaure.
Menkaure is almost destroyed.
Menkaure hits you!
* * * LOW HITPOINT WARNING * * *
You nearly hit yourself!
You feel less invigorated.
You feel less confused. Menkaure hits you but does no damage.
You hit Menkaure.
Menkaure is almost destroyed.
Menkaure hits you but does no damage.
You hit Menkaure but do no damage.
Menkaure is almost destroyed.
Menkaure hits you but does no damage.
You hit Menkaure but do no damage.
Menkaure is almost destroyed.
Menkaure hits you but does no damage.
You hit Menkaure.
Menkaure is almost destroyed.
Menkaure hits you!
* * * LOW HITPOINT WARNING * * *
Okay, then.
You hit Menkaure but do no damage.
Menkaure is almost destroyed.
Menkaure hits you!
You die...

#..##.#.#####.#### ..
#..##.#...# .. ...
#..##.###.# #.#
....##..##.###.#####.###
##...........#.........#
........#..#.#..####.#.#
.####......#.#..##.#...#
##....##.#.....##..#
##.#♣.#.##.##.##..#
#....M#.......##..##
#..##.####.#.......#
#.....)..).#...#.###
#.###...#.)#.).#.### ..
#...#.)...†#...# ...
#.#.#.###..##.## ...
#.#.#.# #..##.# #.#
#..##.##


You could see Menkaure.

Vanquished Creatures
  Duvessa (D:4)
  A black bear (D:2)
  3 bullfrogs
  2 scorpions (D:4)
  Dowan (D:4)
  A howler monkey (D:5)
  3 orc priests (D:4)
  A hound (D:4)
  Ijyb (D:3)
  An orc wizard (D:4)
  4 gnolls (D:3)
  A river rat (D:5)
  6 adders
  2 worms (D:3)
  18 orcs
  12 ball pythons
  12 endoplasms
  12 giant cockroaches
  8 goblins
  5 hobgoblins
  3 jackals (D:2)
  7 quokkas
  6 bats
  10 frilled lizards
  7 kobolds
  8 rats
136 creatures vanquished.

Vanquished Creatures (collateral kills)
  A jelly (D:5)
1 creature vanquished.

Vanquished Creatures (others)
  78 plants
78 creatures vanquished.

Grand Total: 215 creatures vanquished

Notes
Turn   | Place    | Note
-------+----------+-------------------------------------------
     0 | D:1      | testman the Octopode Venom Mage began the quest for the
                  | Orb.
     0 | D:1      | Reached XP level 1. HP: 11/11 MP: 3/3
   300 | D:1      | Reached XP level 2. HP: 12/17 MP: 3/5
   321 | D:1      | Learned a level 2 spell: Poisonous Vapours
   421 | D:1      | Reached skill level 4 in Poison Magic
   813 | D:1      | Reached skill level 1 in Air Magic
   870 | D:1      | Reached XP level 3. HP: 21/21 MP: 1/6
  1890 | D:2      | Noticed a black bear
  1907 | D:2      | Killed a black bear
  1908 | D:2      | Reached skill level 5 in Poison Magic
  1908 | D:2      | Reached XP level 4. HP: 27/27 MP: 6/8
  1908 | D:2      | Reached XP level 5. HP: 31/31 MP: 6/9
  1912 | D:2      | Learned a level 3 spell: Mephitic Cloud
  2595 | D:3      | Found a faded altar of an unknown god.
  2653 | D:3      | Found a glowing drain.
  2685 | Sewer    | Entered a sewer
  2727 | Sewer    | Reached skill level 1 in Conjurations
  2727 | Sewer    | Reached XP level 6. HP: 22/36 MP: 4/11
  2732 | Sewer    | Learned a level 4 spell: Olgreb's Toxic Radiance
  3349 | D:3      | Reached skill level 6 in Poison Magic
  3350 | D:3      | Noticed Ijyb
  3362 | D:3      | Killed Ijyb
  3452 | D:3      | Found a runed translucent gate.
  3452 | D:3      | Found a runed translucent gate.
  3453 | D:3      | Found a runed translucent gate.
  3454 | D:3      | Identified the +1 leather armour "Jatet" {rElec rF+ rCorr}
  3455 | D:3      | Noticed sirJeffrey23's ghost (weakling DsMo)
  4043 | D:4      | Reached XP level 7. HP: 37/41 MP: 10/13
  4304 | D:4      | Reached skill level 1 in Fighting
  4344 | D:4      | Found Umuw's Book Shop.
  4346 | D:4      | Found Inweroiz's Magic Scroll Emporium.
  4348 | D:4      | Found Keumik's Assorted Antiques.
  4361 | D:4      | Bought a scroll of teleportation for 30 gold pieces
  4361 | D:4      | Bought a scroll of identify for 20 gold pieces
  4361 | D:4      | Bought a scroll of identify for 20 gold pieces
  4531 | D:4      | Reached skill level 7 in Poison Magic
  4897 | D:4      | Found Dovisang's Antique Armour Shop.
  5071 | D:4      | Noticed Duvessa
  5071 | D:4      | Noticed Dowan
  5075 | D:4      | Killed Dowan
  5080 | D:4      | Killed Duvessa
  5081 | D:4      | Reached skill level 5 in Spellcasting
  5081 | D:4      | Reached XP level 8. HP: 25/51 MP: 10/15
  5355 | D:5      | Entered Level 5 of the Dungeon
  5706 | D:5      | Noticed Menkaure
  5740 | D:5      | HP: 2/78 [Menkaure (15)]
  5741 | D:5      | Demolished by Menkaure

Illustrated notes

Levels and vault maps discovered:
D:1:      lemuel_arrival_behind_the_door_large, layout_loops_ring, hex_tiny,
          feat_on_display
D:2:      layout_basic, serial_bayou, serial_bayou_shore_b, serial_bayou_pond_e,
          serial_bayou_lagoon_b, serial_bayou_pond_c, kennysheep_generic_room_7
D:3:      layout_loops_ring, basic_ecumenical_altar,
          cheibrodos_sewer_entry_bend, biasface_ghost_orc_armoury,
          grunt_decor_fettered, kennysheep_nub, grunt_decor_one_mirror,
          uniq_ijyb
D:4:      layout_loops_corners, serial_shops, shop_statue,
          nicolae_wooded_promenade, kennysheep_orc_chapel, uniq_duvessa
D:5:      wad_woods_settlement, layout_basic, uniq_menkaure

Skill      XL: |  1  2  3  4  5  6  7  8 |
---------------+-------------------------+-----
Poison Magic   | 4 5 6 7 |  7.7
Transmutations | 2 |  2.0
Air Magic      | 1 2 |  2.0
Spellcasting   | 3 4 5 |  5.2
Conjurations   | 1 2 |  2.0
Fighting       | 2 3 |  3.0
Dodging        | |  2.0
Stealth        | |  2.6

Action                   |  1- 3 |  4- 6 |  7- 9 || total
-------------------------+-------+-------+-------++-------
Melee: Staff             |    41 |    38 |    37 ||   116
       Tentacles         |     7 |    13 |     8 ||    28
       Constrict         |     9 |    10 |    10 ||    29
       Dagger            |     1 |       |       ||     1
 Cast: Sting             |    45 |    37 |    26 ||   108
       Poisonous Vapours |     6 |    33 |    17 ||    56
       Mephitic Cloud    |       |     6 |     4 ||    10
       Olgreb's Toxic Ra |       |     2 |     2 ||     4
Evoke: Wand              |       |       |     1 ||     1
  Use: Scroll            |       |     6 |     7 ||    13
       Potion            |       |     3 |     2 ||     5
 Stab: Sleeping          |     1 |       |     2 ||     3
       Confused          |       |     3 |     1 ||     4
Armor: Skin              |     4 |     8 |     7 ||    19
Dodge: Dodged            |    19 |    34 |    16 ||    69

Table legend: (Time is in decaauts)
 A = Elapsed time spent in this place.
 B = Non-inter-level travel time spent in this place.
 C = Inter-level travel time spent in this place.
 D = Time resting spent in this place.
 E = Time spent auto-exploring this place.
 F = Levels seen in this place.
 G = Mean time per level.
                   A        B        C        D        E       F      G
               +--------+--------+--------+--------+--------+-----+--------+
         Total |   5743 |   5578 |    165 |   1205 |   3352 |   6 |  957.2 |
       Dungeon |   5383 |   5218 |    165 |   1141 |   3177 |   5 | 1076.6 |
         Sewer |    360 |    360 |      0 |     64 |    175 |   1 |  360.0 |
               +--------+--------+--------+--------+--------+-----+--------+

Top non-repeatable levels by time:
     D:1: 1504 daAuts
     D:4: 1329 daAuts
     D:2: 1125 daAuts
     D:3: 1033 daAuts
     D:5: 390 daAuts
   Sewer: 360 daAuts
